[Event "Premier"]
[Site "Chess.com"]
[Date "2021.02.14"]
[Round "6"]
[White "Anand, Vignesh"]
[Black "Malugu, Satyajit"]
[Result "1-0"]
[ECO "E91"]
[WhiteElo "2085"]
[BlackElo "2156"]
[Annotator "Vignesh Anand"]
[PlyCount "129"]
[EventDate "2021.02.13"]
[EventType "tourn"]
[EventRounds "9"]
[TimeControl "3600+10"]

1. d4 Nf6 2. c4 g6 3. Nc3 Bg7 4. e4 d6 5. Be2 c5 6. d5 (6. dxc5 {This move
looks tempting as after dxc5, white can force the trade of Queens, and easily
develop to a better position in the endgame. However, Black has the move Qa5!
in this position, and white would have to play accurately to maintain his
advantage}) 6... e6 7. dxe6 Bxe6 8. Nf3 (8. Bf4 {this looks to win the pawn on
d6, but Qa5 yet again makes things tricky for White.}) 8... O-O 9. O-O Qb6 10.
Qc2 Nc6 11. Rd1 Nd4 12. Nxd4 cxd4 13. Na4 {This move intuitively doesn't feel
right, but after deep calculations, I thought I should be fine} Qc6 14. Rxd4
Nd7 15. Rd1 b5 16. Nc3 Bxc4 {Here I missed the move Bf4, which would complete
my development and secure myself a better position as Black has the annoying
isolated d6 pawn to deal with.} 17. Bxc4 Qxc4 18. Qd3 (18. Rxd6 Nc5 {And now
my e4 pawn is weak, and black has threats like b4 winning the knight, and its
hard to hold onto everything so I concluded that being pawn greedy wasn't the
best option here}) 18... Qxd3 19. Rxd3 Nc5 {I started to realize that I might
be on the backfoot here because there wasn't a lot of good options for me, and
my clock continued to tick down} 20. Re3 {I started to feel frustrated here
after spending a lot of time to have to play this passive move, and give my
opponent the initiative} (20. Rxd6 Bxc3 21. bxc3 Nxe4 22. Rd3 Rfd8 {this
position with the undeveloped bishop on c1, a weak back rank, and an
isolated-backwards pawn on c3 looks to ugly for me to try to hold this}) 20...
b4 21. Nd5 a5 22. Re2 {Trying to give my pieces space to develop} Rae8 23. f3
f5 24. Bf4 Bd4+ {At this point, my loss of the e4 pawn was almost guaranteed,
but I still had 1 trick left up my sleeve.} 25. Be3 Bxe3+ 26. Rxe3 fxe4 27.
Rae1 {I played this move quickly, and then proceed to pretend to be frustrated
on the camera, hoping that my opponent would see exf3 and think it is a
brilliant winning move.} exf3 28. Nf6+ $1 {The interference between the Rook
on f8 and the pawn on f3 allows me to win an exchange here} (28. Rxe8 f2+ 29.
Kh1 Rxe8 30. Rxe8+ Kf7 {The line that my opponent most definitely calculated
to think he was winning here}) 28... Rxf6 29. Rxe8+ Kg7 30. gxf3 Rxf3 {Here
I'm probably wining with best play, but I was running really low on the clock
at this point and needed to find the most accurate moves to win} 31. R1e7+ Rf7
32. Rxf7+ Kxf7 33. Ra8 a4 34. Kf1 h5 35. Ke2 g5 36. Rh8 h4 37. Ke3 Kf6 38. Kd4
Kf5 39. Rh6 Ne4 40. Kc4 a3 41. b3 Ke5 $2 {This move definitely surprised me as
it was a huge mistake by my opponent. Kg4 looked like the most dangerous line
to go after my h-pawn, but now I'm winning} 42. Kxb4 d5 43. Kxa3 Kd4 44. Kb4
Ke3 45. Rh8 d4 46. a4 d3 47. a5 g4 48. a6 d2 49. Rd8 g3 50. hxg3 h3 $1 {
I overlooked this move in time pressure, and then started to panic because I
thought I had an easy win, and now we were both going to promote into a
chaotic endgame where I had jst a few seconds on the clock and was practically
playing on the increment} 51. a7 h2 52. a8=Q h1=Q 53. Qa7+ Ke2 54. Qa6+ {
I'm now just frantically throwing in checks to gain increment on the clock so
I can spend more time to think} Ke3 $2 {Definitely a huge mistake allowing me
to play Qd3+} 55. Qd3+ Kf2 56. Rf8+ Ke1 57. Qe3+ Kd1 58. Qd3 Ke1 {Here my
opponent offered me a draw, but I really didn't want one as I knew I would be
disappointed, not being able to convert an endgame up an exchange} 59. Re8 $5 {
A very interesting move that spices up the game} (59. Ra8 {The winning
continuation according to Stockfish} d1=Q 60. Qxd1+ Kxd1 61. Ra1+ {should be
an easy1-0, but I missed this line due to time pressure once again}) 59... d1=Q
{forced} 60. Rxe4+ Kf2 61. Rf4+ {Here my opponent missed a perpetual with Ke1,
after which I'm forced to repeat. However, in a time scramble, Ke1 doesn't
feel like the most intuitive move} Kg2 $4 {Now the game is lost} (61... Ke1 62.
Qe3+ Qe2 63. Qc1+ Qd1 64. Qe3+ Qe2 65. Qc1+ Qd1 {1/2-1/2}) 62. Qe4+ Kxg3 63.
Qe3+ Kg2 64. Qf2+ Kh3 65. Rh4# {VigneshRar won by checkmate} 1-0

[Event "Premier"]
[Site "Chess.com"]
[Date "2021.02.14"]
[Round "8"]
[White "Anand, Vignesh"]
[Black "Razmov, Valentin"]
[Result "1-0"]
[ECO "D45"]
[WhiteElo "2085"]
[BlackElo "1986"]
[Annotator "Vignesh Anand"]
[PlyCount "59"]
[EventDate "2021.02.13"]
[EventType "tourn"]
[EventRounds "9"]
[TimeControl "3600+10"]

1. d4 Nf6 2. c4 c6 3. Nc3 d5 4. e3 e6 5. Nf3 Nbd7 6. Qc2 (6. b3 {Last time I
played this line I lost a pawn to the following variation} Bb4 7. Bb2 Qa5 8.
Qc2 Ne4 9. Rc1 Qxa2) 6... b6 7. b3 Bb7 8. Bd3 Bd6 9. Bb2 {trying to bait out
castles Kingside by my opponent so I can maybe get agressive with g4 or h4} Qe7
10. O-O O-O 11. Rae1 {hoping to get a big break in the center} Rac8 12. Qe2
dxc4 13. bxc4 e5 14. dxe5 (14. c5 $5 bxc5 15. dxe5 Nxe5 16. Nxe5 Bxe5 17. f4
Bc7 18. Na4 $11) 14... Nxe5 15. Nxe5 Bxe5 16. f4 Bxc3 17. Bxc3 Ne4 $1 {my
opponent now has strong light square control, and I'm not going to be able to
kick the knight out of e4, so I'm going to have to give up the 2 bishops
advantage and try to hope I have a good enough Kingside attack to win} 18. Bxe4
Qxe4 19. f5 f6 (19... Rfe8 {This move seemed annoying because it prevented my
plan of Rf4}) 20. Rf4 Qe7 21. Rh4 c5 22. Qh5 h6 23. Rg4 Kh7 (23... Be4 {
A small oversight by both me and my opponent. This strong move would prove to
be effective in maintaining equality, and shut down my attack} 24. Qxh6 Bxf5
25. Rg3 $11) 24. e4 $18 {now Be4 is no longer a move, and there are too many
threats for my opponent to prevent.} Qf7 25. Rg6 $1 {Bxf6 is now a major
threat in the position} Qxc4 {Desperate times call for desperate measures} 26.
Rxg7+ $3 {The following moves are now forced, which leads to forced checkmate
for white} (26. Rxh6+ gxh6 27. Qg6+ {this line would also transpose to what
was played in the game}) 26... Kxg7 27. Qg6+ Kh8 28. Qxh6+ Kg8 29. Qg6+ Kh8 30.
Re3 {VigneshRar won by resignation} 1-0

[Event "Live Chess"]
[Site "PNWCC Online Super G/60"]
[Date "2021.02.27"]
[Round "?"]
[White "Porter, Ryan"]
[Black "Demchenko, Anton GM"]
[Result "1-0"]
[ECO "A21"]
[WhiteElo "2308"]
[BlackElo "2680"]
[Annotator "Ryan Porter"]
[PlyCount "77"]
[EventDate "2021.??.??"]
[TimeControl "3600+5"]

{[%evp 0,77,25,-13,-15,-23,14,14,-3,-22,-22,-16,-20,-8,-8,-6,-3,-2,9,9,22,-18,
3,-4,7,2,8,7,17,17,0,-5,-17,-17,-17,-17,21,-1,14,14,17,10,15,0,-2,-17,5,22,11,
-62,-60,-119,-119,-107,-67,-109,-118,-275,-275,-298,-99,-275,-123,-123,-123,
-131,-132,-130,-131,-122,-165,-185,-165,-188,233,233,29993,29994,29995,29996]
This game was played in Round 1 of a strong online G/60 tournament hosted by
PNWCC. I played up in the 2400+ section for opportunities like this to play
against grandmasters.} 1. c4 e5 2. Nc3 d6 3. g3 Be7 4. d4 exd4 5. Qxd4 Nf6 6.
Bg2 O-O 7. Nh3 {Aiming for d5.} Nc6 8. Qd2 Ne5 {White has been a bit slow in
developing the queenside. So, black takes immediate action there.} 9. b3 a5 10.
Bb2 a4 11. Rd1 {A concession, which gives black the a-file, in conjunction
with the weakness on b3.} ({I did not consider} 11. Nxa4 $5 {due to} Nxc4 {
but it's actually not all that bad for white after} 12. bxc4 Rxa4 13. Qc2 Ra6
14. Nf4 {White's active minor pieces and control of d5 compensate for the
weakness on a2.}) ({The main alternative I considered was} 11. O-O a3 {The
point of Rd1 is to open up a1 for the bishop after this move.} 12. Bc1 {
I did not like the prospect of spending several more moves now to complete my
development. Longer term, though, that pawn could prove to be offsides.}) 11...
axb3 12. axb3 c6 13. O-O ({Looking back, I now prefer} 13. Qc2 {to immediately
guard the weak b3 pawn, while also preventing black's next move.}) 13... Bf5 {
By making the c2 square off limits for the white queen, black has the
immediate threat of Qb6, when it will be very awkward to try to defend b3. I
spent a while on my next move, first evaluating passive options for defending
b3. Not finding a good solution, I next looked for an active way to maintain
the balance.} 14. c5 $1 {Makes use of my central pressure, and the fact that,
if the d6 pawn moves, then both the knight on e5 and bishop of f5 are
unguarded.} (14. Nf4 $6 Qb6 15. e4 Qxb3 (15... Bg4 {is also not fun for white})
16. exf5 Nxc4 17. Qe1 Qxb2 18. Rb1 {White is still making a game of it, but
black clearly has the upper hand.}) (14. e4 $4 {of course loses on the spot to}
Bxh3) 14... Bxh3 (14... d5 $6 15. Qf4 Bxh3 16. Bxh3 Ng6 17. Qd4 {⩲}) 15. cxd6
(15. Bxh3 $5 dxc5 16. Qf4 {=/∞ is a very interesting alternative. White has
plenty of compensation for the pawn.}) 15... Bxg2 16. dxe7 $6 ({Honestly, I
just went into auto-pilot here and failed to even consider} 16. Kxg2 {when the
trapped bishop on e7 will allow white to win back the piece more favorably.})
16... Qxe7 (16... Qxd2 $6 17. exf8=Q+ Kxf8 18. Rxd2 Bxf1 19. Kxf1 {⩲}) 17.
Kxg2 Qb4 {I still do have that weakness on b3, but it is easier to guard now.}
18. Na4 {Unleashing the bishop, temporarily blocking the a-file, and aiming to
relocate to c5 at some point. I would welcome a queen trade here, after which
it's harder for black to attack b3.} Qb5 (18... Qxb3 $4 19. Nc5 Qc4 20. Bxe5
Qxc5 21. Bd6 {and white wins the exchange}) 19. Qc2 Rfe8 20. Rd2 {I couldn't
find a good plan here. So, I just improved the position of my rooks.} h5 21.
Rfd1 h4 22. Qf5 $5 {Leads to complications if black takes the pawn left behind
on b3. I did not fully analyze the resulting lines during the game, but I felt
like my rooks on d-file supported such a move.} h3+ {Woah. I was not expecting
that.} (22... hxg3 23. hxg3 Qxb3 24. Bxe5 Qb5 $1 {A key intermediate move to
induce f4.} (24... Qxa4 $4 25. Bxf6 gxf6 26. Rd4 {and white wins by swinging
his rook to g4, unblocked by a pawn on f4.}) (24... Rxa4 $4 25. Bxf6 gxf6 26.
Rd8 Ra8 27. Rxa8 Rxa8 28. Rd4 {is similarly crushing.}) 25. f4 Qxa4 26. Bxf6
gxf6 27. Qxf6 Qe4+ {=}) 23. Qxh3 ({Obviously not the best square for my queen,
and I wanted to play} 23. Kxh3 Neg4 {However, during the game, I rejected this
line, because I only saw the losing} 24. Qxb5 $4 ({White could maintain the
balance with} 24. e4 $1 Qxf5 25. exf5 Ra5 26. Kg2 Rxf5 {=}) 24... Nxf2+ 25. Kg2
cxb5 {-+}) 23... Neg4 $5 (23... Qxb3 {is objectively a better move, but it
allow white to simplify the position. I was expecting to the game proceed in
the general direction of the following lines.} 24. Nc5 Qb5 25. Bxe5 Rxe5 26.
Nd7 Nxd7 27. Qxd7 {=}) 24. Bd4 $4 {I thought that I might start to take
control of the position, with the bishop supporting Nc5, and the threat of Nc3
preventing an immediate Re2.} (24. Bxf6 Nxf6 25. Rd3 {holds everything
together, with the knight ready to jump to c3.} (25. Rd4 $5 {is also an
interesting attempt to try to use the h-file.})) 24... Rxe2 {Uh oh. Now I see
that he can just take both my rooks if I grab his queen.} 25. Nc3 Rxd2 26. Rxd2
(26. Nxb5 $2 Rxd1 27. Bxf6 Nxf6 28. Nc3 Rd3 29. Ne2 Rxb3 {should be a pretty
straightforward win for black.}) 26... Qxb3 27. Ne4 $5 {Objectively, this
isn't the best move, but I'm doing everything I can to try to mix things up in
a losing position. The clock situation was 6 minutes for me, and just under 10
for him.} Qb4 ({Black finds the best move, but the victory proved pyrrhic,
because he spent over 80\% of his remaining time to find it, leaving himself
with just 90 seconds (plus the increment) for the rest of the game! Given the
clock situation, I think black should have spent far less time and played the
natural move} 27... Qd5 {when I expected the game to continue} 28. f3 Nxe4 29.
Qxg4 Qg5 30. Qxg5 Nxg5 {I was planning to try to cause some problems with Be3
and Rd7, but black is clearly winning, and anything more than 5 minutes left
should be plenty for a GM.}) 28. Nxf6+ ({Stockfish prefers} 28. Qh4 {but black
can simplify with} c5 29. Nxf6+ Nxf6 30. Be3 Qxh4 31. gxh4 b6) 28... Nxf6 29.
Rd3 Qc4 30. Rd2 Qd5+ 31. f3 Qg5 32. Rb2 b5 33. Rc2 b4 34. Bxf6 Qxf6 35. Qd7 b3
36. Rxc6 $6 (36. Qxc6 {may have been a better try, but black is of course
still winning.} Qa1 $1 37. Re2 g6 {-+}) 36... Ra2+ $4 {With 15 seconds left,
black blunders horribly. Even a superficial evaluation of position should have
told him not to leave the back rank. However, I believe that the greater
mistake was spending so much time on move 27. As we all know painfully well,
anything can happen in a time scramble.} 37. Kh3 Qxf3 $2 {For the puzzle
inclined, white now has mate in 4.} ({The only way to continue the game is} 
37... Qxc6 38. Qxc6 {but white is certainly winning, especially with an extra
pawn on the kingside to use to pry open any attempt at a fortress.}) 38. Qd8+ {
This is not a difficult tactic, but I did have to find it quickly, and every
other move loses.} ({Perhaps black only analyzed the superficially tempting} 
38. Rc8+ $4 Kh7 {when black's queen prevents any follow-up checks.}) 38... Kh7
39. Qh4+ {retropwr won on time Black let his little remaining time run out,
with mate in 2 coming. Obviously, I was outplayed and outclassed in this game,
and I got lucky in the end, aided by the shorter time controls, which can add
a dose of randomness. However, I am proud of the way that I competed and found
active moves to continue the fight into a time scramble, against an opponent
who is by far the best player I've ever defeated in a non-blitz game.} 1-0

[Event "WA Junior Closed"]
[Site "Chess.com"]
[Date "2021.01.30"]
[Round "2"]
[White "Levine, Joseph"]
[Black "Lee, Brian"]
[Result "1-0"]
[ECO "B42"]
[WhiteElo "2244"]
[BlackElo "1898"]
[Annotator "Ralph Dubisch"]
[PlyCount "77"]
[EventDate "2021.01.30"]
[EventType "tourn"]
[EventRounds "5"]
[TimeControl "3000+10"]

1. e4 c5 2.
Nf3 d6 3. d4 cxd4 4. Nxd4 Nf6 5. Nc3 a6 {The Najdorf variation is the most
popular line of the Sicilian in modern times. Black makes it expensive for
White to put a bishop or knight on b5, so Black can now consider an early ...
e5. Black also supports a possible ...b5 with queenside expansion and perhaps
a threat (...b5-b4) to the e4-pawn.} 6. Bd3 {This is a bit unusual here,
though White may be hoping to transpose into a different line.} (6. Be3 {
is the most common relatively modern move, while}) (6. Be2) ({and} 6. Bg5 {
are somewhat more traditional lines.}) 6... e6 7. O-O b5 8. Be3 (8. a4 b4 9.
Na2 e5 10. Nf3 Nc6 11. c3 $13) 8... Bb7 9. a3 Nbd7 10. f4 Qc7 11. Qf3 Nc5 12.
Rac1 ({I haven't seen this move here before, but my Stockfish engine likes it
slightly better than the "theoretical"} 12. Rae1 {.}) 12... Be7 13. b4 $5 {
Thus explaining the placement of the rook.} Ncd7 (13... Nxd3 $6 14. cxd3 $14 {
forces the black queen to move again, thus explaining one idea behind putting
the rook on c1.}) 14. Nce2 Nb6 15. g4 d5 $6 ({Black loses central flexibility.
More thematic, and better, is} 15... Nc4 {, occupying the outpost and hitting
both the e3-bishop and the a3-pawn.}) 16. e5 Nfd7 (16... Ne4 17. f5 $1 O-O (
17... exf5 $2 18. Nxf5) (17... Qxe5 18. fxe6 fxe6 19. Qf7+ Kd7 20. Nf3 $1 Qd6
21. Bf4 {, and White wins material.}) 18. f6 gxf6 19. exf6 Nxf6 (19... Bd6 20.
Qh3 Kh8 21. Rf3 $1 {and it's starting to get very difficult to imagine a
defense.}) 20. Qh3 Ne4 21. Qh6 {with a serious attack.}) 17. Ra1 $5 ({Direct
advance is also possible:} 17. f5 Nxe5 18. Qg3 Nbc4 19. fxe6 f6 20. Nf5 $16 {.}
) (17. Qh3 $5) 17... Nc4 18. c3 $2 (18. Qh3) 18... O-O-O ({Stockfish points
out the positional tactic} 18... g5 $1 {, breaking up the mobile pawn mass at
just the right moment:} 19. Rae1 (19. fxg5 $2 Ndxe5 20. Qg3 Nxe3 21. Qxe3 Nxd3
22. Qxd3 Bxg5 $17) 19... O-O-O $17 {.}) 19. a4 Ndxe5 $2 ({Black finds a tactic
to take advantage of the loose bishop on d3; unfortunately, it's the wrong
tactic for the job. Instead, the short, sharp, flurry} 19... bxa4 20. Rxa4 Nb2
21. Bxa6 Nxa4 22. Nb5 Qb8 23. Na7+ Kc7 24. Nb5+ {repeats.}) 20. fxe5 Nxe5 21.
Qg3 ({Or} 21. Qh3 {.}) 21... Nxd3 22. Qxc7+ Kxc7 23. Rxf7 Kd7 (23... Rd7 24.
axb5 axb5 25. Nxe6+ Kc8 26. Rxg7 $16 {when Black's plan to grab pawns has
clearly not met with success.}) 24. Bg5 Rde8 25. axb5 Ne5 26. Rxe7+ Rxe7 27.
Bxe7 Kxe7 28. bxa6 Ba8 $2 (28... Ra8 29. b5 (29. axb7 $2 Rxa1+ 30. Kf2 Nd7 $15)
29... Bc8 {also doesn't look like fun.}) 29. Nf4 Rc8 30. Nfxe6 (30. Re1) 30...
Rxc3 31. Nxg7 Rc4 32. b5 Rb4 (32... Nf3+ 33. Nxf3 Rxg4+ 34. Kf2 Rxg7 35. Rc1 {
doesn't help Black.}) 33. Re1 Kd7 34. Ngf5 Ng6 35. h4 Nxh4 36. Re7+ Kd8 37.
Ne6+ Kc8 38. Nd6+ Kb8 39. a7# {An aesthetic checkmate pattern to end the game.}
1-0